 Dungeon Crawl Stone Soup version 0.30-a0-304-gdc4b735fe1 (webtiles) character file.

Game seed: 15843234332641756477

427 Darkkill the Shooter (level 6, -3/55 HPs)
             Began as a Minotaur Hunter on Oct 20, 2022.
             Slain by a lemure (4 damage)
             ... led by Pikel
             ... on level 4 of the Dungeon.
             The game lasted 00:03:46 (3241 turns).

Darkkill the Shooter (Minotaur Hunter)              Turns: 3241, Time: 00:03:47

Health: -3/55      AC: 10    Str: 18    XL:     6   Next: 65%
Magic:  3/5        EV: 13    Int:  6    God:
Gold:   111        SH:  0    Dex: 13    Spells: 5/5 levels left

rFire   . . .      SeeInvis .    t - +1 scythe (distort)
rCold   . . .      Faith    +    (shield currently unavailable)
rNeg    . . .      Spirit   .    c - +1 leather armour
rPois   +          Reflect  .    g - +2 hat
rElec   .          Harm     .    (no cloak)
rCorr   .          Rampage  .    (no gloves)
Will    .....                    (no boots)
Stlth   ++........               y - amulet of faith
HPRegen 0.29/turn                C - ring of poison resistance
MPRegen 0.09/turn                o - +4 ring of protection

@: weak-willed
A: horns 2, retaliatory headbutt
a: no special abilities


You were on level 4 of the Dungeon.
You visited 1 branch of the dungeon, and saw 4 of its levels.

You collected 111 gold pieces.

Inventory:

Hand Weapons
 a - a +0 shortbow
 t - a +1 scythe of distortion (weapon)
Missiles
 i - 50 stones
 u - 6 atropa-tipped darts
 B - a throwing net {=f !f}
Armour
 c - a +1 leather armour (worn)
 g - a +2 hat (worn)
Magical Staves
 n - a staff of poison
Jewellery
 o - a +4 ring of protection (right hand)
 w - a ring of ice
 y - an amulet of faith (around neck)
 C - a ring of poison resistance (left hand)
Wands
 s - a wand of flame (2)
Scrolls
 b - a scroll of immolation
 k - 4 scrolls of identify {@r1}
Potions
 d - a potion of cancellation {unknown}
 e - a potion of haste
 f - 2 potions of heal wounds {unknown}
 h - a potion of degeneration {unknown}
 j - 2 potions of brilliance {unknown}
 l - a potion of mutation
 p - a potion of resistance {unknown}
 r - 3 potions of lignification {unknown}
 z - a potion of invisibility {unknown}


   Skills:
 + Level 4.8 Fighting
 + Level 5.8 Ranged Weapons
 + Level 4.3 Dodging
 + Level 3.0 Stealth


You had 5 spell levels left.
You didn't know any spells.
Your spell library contained the following spells:

 Spells                   Type           Power      Damage    Failure   Level
 Cigotuvi's Dreadful Rot  Necr/Pois/Air  0%         N/A       65%         2
 Poisonous Vapours        Pois/Air       0%         N/A       65%         2
 Static Discharge         Conj/Air       0%         2-2/arc   65%         2
 Mephitic Cloud           Conj/Pois/Air  0%         N/A       87%         3
 Vhi's Electric Charge    Tloc/Air       0%         N/A       87%         3
 Dispel Undead            Necr           0%         3d6       99%         4
 Arcjolt                  Conj/Air       0%         1d10      100%        5
 Lightning Bolt           Conj/Air       0%         1d11      100%        5
 Death Channel            Necr           0%         N/A       100%        6


Dungeon Overview and Level Annotations

Branches:
Dungeon (4/15)
 Temple: D:4-7

Altars:
Vehumet

Annotations:
D:4 Pikel


Innate Abilities, Weirdness & Mutations

You have a pair of horns on your head.
You reflexively headbutt those who attack you in melee.


Message History

The gnoll closely misses you. You furiously retaliate!
You headbutt the gnoll.
The gnoll hits you from afar with a +0 spear.
The gnoll misses you. x2; The gnoll hits you but does no damage.
The gnoll closely misses you. x2; You furiously retaliate!
You headbutt the gnoll!
You kill the gnoll!
The gnoll barely misses you.
Things that are here:
a +0 club; a gnoll corpse A lemure comes into view.
The gnoll misses you. You furiously retaliate!
You headbutt the gnoll.
Things that are here:
a +0 club; a gnoll corpse The gnoll closely misses you.
You furiously retaliate!
You headbutt the gnoll, but do no damage.
The gnoll hits you with a +0 spear. The lemure hits you but does no damage.
Things that are here:
a +0 club; a gnoll corpse You hit the gnoll.
The gnoll is severely wounded.
The lemure closely misses you. You furiously retaliate!
You headbutt the lemure.
The gnoll hits you with a +4 antimagic halberd.
You feel your power leaking away. The gnoll closely misses you.
You furiously retaliate!
You headbutt the gnoll. You hit the gnoll.
You kill the gnoll!
The lemure barely misses you. The gnoll closely misses you.
The lemure hits you but does no damage. Pikel hits you but does no damage.
The gnoll closely misses you.
You hit Pikel but do no damage. Your headbutt misses Pikel.
Pikel blinks!
The lemure closely misses you.
The gnoll hits you with a +4 antimagic halberd.
You closely miss the gnoll. You headbutt the gnoll.
You kill the gnoll!
The lemure closely misses you. You furiously retaliate!
You headbutt the lemure!
The kobold throws a poisoned dart.
The poisoned dart closely misses you. The lemure closely misses you.
The lemure hits you but does no damage.
The kobold throws a poisoned dart.
The poisoned dart closely misses you.
You hit the lemure.
Space warps around the lemure.
Your headbutt misses the lemure.
The lemure is lightly wounded.
The lemure hits you. The lemure barely misses you.
A lemure comes into view.
You barely miss the lemure.
The lemure is lightly wounded.
The lemure hits you. x2; The kobold hits you but does no damage.
The lemure barely misses you. You furiously retaliate!
You headbutt the lemure. The kobold hits you with a +0 dagger.
You barely miss Pikel.
A dart slug comes into view.
The kobold barely misses you. The lemure hits you but does no damage.
Pikel completely misses you.
You puncture Pikel!
Space warps around Pikel.
Your headbutt misses Pikel.
Pikel is moderately wounded.
The lemure hits you. Pikel closely misses you.
The kobold hits you but does no damage. Pikel barely misses you.
The lemure misses you. You furiously retaliate!
You headbutt the lemure! The lemure barely misses you. You furiously retaliate!
You headbutt the lemure! The kobold barely misses you. You furiously retaliate!
You headbutt the kobold, but do no damage.
You barely miss Pikel.
Pikel is moderately wounded.
The kobold barely misses you. The lemure misses you. You furiously retaliate!
You headbutt the lemure!
You kill the lemure!
That felt strangely unrewarding.
Pikel hits you but does no damage.
You closely miss Pikel. Your headbutt misses Pikel.
Pikel is moderately wounded.
A lemure comes into view.
The lemure closely misses you. The lemure hits you but does no damage.
Pikel barely misses you. You furiously retaliate!
You headbutt Pikel. The kobold hits you but does no damage.
The kobold barely misses you. You furiously retaliate!
You headbutt the kobold!
You kill the kobold!
The lemure hits you.
* * * LOW HITPOINT WARNING * * *
Pikel hits you but does no damage. The lemure completely misses you.
You hit Pikel.
Space warps around Pikel.
Pikel is heavily wounded.
The lemure misses you. x2; You furiously retaliate!
You headbutt the lemure.
Pikel hits you with a +1 whip of freezing.
* * * LOW HITPOINT WARNING * * *
Pikel freezes you.
* * * LOW HITPOINT WARNING * * *
Read: scroll of vulnerability
Press: ? - help, Q - select action, (/) - cycle Dir - look around, f - activate Look: Pikel, wielding a +1 whip of freezing and wearing a +0 robe (heavily wounded, susceptible)
As you read the scroll of vulnerability, it crumbles to dust.
Magic quickly surges around you. The lemure completely misses you.
Pikel closely misses you. The lemure closely misses you.
You hit Pikel.
Pikel is heavily wounded.
Pikel blinks!
The lemure hits you!
* * * LOW HITPOINT WARNING * * *
The lemure hits you but does no damage. x2; The lemure closely misses you.
The lemure hits you but does no damage. The lemure hits you.
You die...

........#
........#
........##
#.....$.#
#...$...+
.......# #.#5.#
+#####.ยง@)#
.....K.55##
.........#######
................
........########.
.#######.))).....
#####.########
#<..).#
#......#####


You could see Pikel (weak-willed) and 3 lemures.

Vanquished Creatures
  Sigmund (D:2)
  A lemure (D:4)
  12 gnolls
  7 adders
  2 worms (D:2)
  2 dart slugs (D:2)
  4 orcs (D:4)
  6 bats
  8 endoplasms
  3 giant cockroaches
  5 goblins
  6 hobgoblins
  4 jackals (D:3)
  2 quokkas
  7 ball pythons
  4 frilled lizards
  6 kobolds
  3 rats
83 creatures vanquished.

Notes
Turn   | Place    | Note
-------+----------+-------------------------------------------
     0 | D:1      | Darkkill the Minotaur Hunter began the quest for the Orb.
     0 | D:1      | Reached XP level 1. HP: 18/18 MP: 0/0
   144 | D:1      | Reached skill level 1 in Stealth
   296 | D:1      | Reached XP level 2. HP: 9/25 MP: 1/1
   980 | D:2      | Reached XP level 3. HP: 31/31 MP: 2/2
  1285 | D:2      | Noticed Sigmund
  1292 | D:2      | HP: 5/31 [Sigmund/puff of flame (3)]
  1293 | D:2      | Killed Sigmund
  1294 | D:2      | Reached skill level 5 in Ranged Weapons
  1294 | D:2      | Reached XP level 4. HP: 7/40 MP: 3/3
  1294 | D:2      | Reached XP level 5. HP: 8/46 MP: 4/4
  1932 | D:2      | Found a radiant altar of Vehumet.
  2150 | D:2      | Reached XP level 6. HP: 53/53 MP: 5/5
  2374 | D:3      | Found a faded altar of an unknown god.
  3222 | D:4      | Noticed Pikel
  3239 | D:4      | HP: 9/55 [Pikel/+1 whip of freezing (6)]
  3241 | D:4      | HP: 1/55 [lemure[Pikel] (8)]
  3241 | D:4      | Slain by a lemure

Illustrated notes

Levels and vault maps discovered:
D:1:      wheals_arrival_shading, layout_basic
D:2:      minmay_skewed_foursquare, layout_loops_corners, basic_altar,
          uniq_sigmund
D:3:      layout_loops_ring, nicolae_ecumenical_snake_handling,
          chequers_arboretum
D:4:      layout_basic, minmay_temple_entry_glassed_door, serial_shops, shop,
          uniq_robin, uniq_pikel

Skill      XL: |  1  2  3  4  5  6 |
---------------+-------------------+-----
Stealth        | 1 2 3 |  3.0
Fighting       | 3 4 |  4.8
Ranged Weapons | 5 |  5.8
Dodging        | 3 4 |  4.3

Action                   |  1- 3 |  4- 6 || total
-------------------------+-------+-------++-------
Melee: Halberd           |       |    14 ||    14
       Headbutt          |       |     1 ||     1
 Fire: Shortbow          |    90 |   147 ||   237
Evoke: Wand              |       |     1 ||     1
  Use: Scroll            |     6 |     5 ||    11
Armor: Leather armour    |     8 |    32 ||    40
Dodge: Dodged            |    19 |    92 ||   111

Table legend: (Time is in decaauts)
 A = Elapsed time spent in this place.
 B = Non-inter-level travel time spent in this place.
 C = Inter-level travel time spent in this place.
 D = Time resting spent in this place.
 E = Time spent auto-exploring this place.
 F = Levels seen in this place.
 G = Mean time per level.
                   A        B        C        D        E       F      G
               +--------+--------+--------+--------+--------+-----+--------+
         Total |   3308 |   3255 |     53 |     31 |   2675 |   4 |  827.0 |
       Dungeon |   3308 |   3255 |     53 |     31 |   2675 |   4 |  827.0 |
               +--------+--------+--------+--------+--------+-----+--------+

Top non-repeatable levels by time:
     D:2: 1296 daAuts
     D:3: 985 daAuts
     D:1: 972 daAuts
     D:4: 54 daAuts

Table legend:
 A = Kills in this place as a percentage of kills in entire the game.
 B = Kills by you in this place as a percentage of kills by you in the entire game.
 C = Kills by friends in this place as a percentage of kills by friends in the entire game.
 D = Other kills in this place as a percentage of other kills in the entire game.
 E = Experience gained in this place as a percentage of experience gained in the entire game.
 F = Experience gained in this place divided by the number of levels of this place that you have seen.
                   A       B       C       D       E      F
               +-------+-------+-------+-------+-------+----------------------
         Total | 100.0 | 100.0 |   N/A |   N/A | 100.0 | 152.5
       Dungeon | 100.0 | 100.0 |   N/A |   N/A | 100.0 | 152.5
               +-------+-------+-------+-------+-------+----------------------
